 Dungeon Crawl Stone Soup version 0.23.1-37-gaa34b87 (webtiles) character file.

Game seed: 11651552828552832503

116 wilfster70 the Grasshopper (level 5, -1/43 HPs)
             Began as a Gnoll Wanderer on Mar 20, 2019.
             Killed by nerve-wracking pain
             ... invoked by Grinder
              (14 damage)
             ... on level 3 of the Dungeon.
             The game lasted 00:09:04 (3832 turns).

wilfster70 the Grasshopper (Gnoll Wanderer)         Turns: 3832, Time: 00:09:04

Health: -1/43      AC:  5    Str: 12    XL:     5   Next: 1%
Magic:  9/9        EV: 11    Int: 17    God:
Gold:   79         SH:  0    Dex: 15    Spells: 8/10 levels left

rFire    . . .     SeeInvis .   v - +0 whip (curse)
rCold    . . .     Gourm    .   (no shield)
rNeg     . . .     Faith    .   i - +0 leather armour
rPois    .         Spirit   .   q - +1 hat
rElec    .         Reflect  .   (no cloak)
rCorr    .         Harm     .   j - +0 pair of gloves
MR       .....                  (no boots)
Stlth    ++........             (no amulet)
HPRegen  0.14/turn              (no ring)
MPRegen  0.11/turn              (no ring)

@: no status effects
A: distributed training, fangs 1, strong nose
a: no special abilities


You were on level 3 of the Dungeon.
You were not hungry.

You visited 1 branch of the dungeon, and saw 3 of its levels.

You collected 79 gold pieces.

Inventory:

Hand Weapons
 a - a +0 dagger
 v - a cursed +0 whip (weapon)
Missiles
 h - 88 stones (quivered)
 l - 17 sling bullets
Armour
 i - a +0 leather armour (worn)
 j - a +0 pair of gloves (worn)
 q - a +1 hat (worn)
 u - a +0 pair of boots
Scrolls
 b - a scroll of teleportation
 d - a scroll of fear {unknown}
 e - a scroll of noise {unknown}
 m - a scroll of random uselessness {unknown}
 o - a scroll of immolation {unknown}
 r - a scroll of enchant armour {unknown}
 s - a scroll of identify
 t - a scroll of fog {unknown}
 w - a scroll of magic mapping {unknown}
Potions
 c - 3 potions of curing
 g - 2 potions of brilliance {unknown}
 k - 2 potions of ambrosia {unknown}
 n - a potion of berserk rage {unknown}
 p - a potion of agility {unknown}
 x - a potion of might
Comestibles
 f - 5 rations
 z - a chunk of flesh


   Skills:
 + Level 4.7 Fighting
 + Level 1.2 Short Blades
 + Level 1.2 Long Blades
 + Level 1.2 Axes
 + Level 1.2 Maces & Flails
 + Level 1.2 Polearms
 + Level 2.8 Staves
 + Level 1.2 Slings
 + Level 1.2 Bows
 + Level 1.2 Crossbows
 + Level 2.8 Throwing
 + Level 1.2 Armour
 + Level 1.2 Dodging
 + Level 2.6 Stealth
 + Level 1.2 Shields
 + Level 1.2 Unarmed Combat
 + Level 3.0 Spellcasting
 + Level 1.0 Conjurations
 + Level 1.0 Hexes
 + Level 1.0 Charms
 + Level 1.0 Summonings
 + Level 1.0 Necromancy
 + Level 5.5 Translocations
 + Level 2.3 Transmutations
 + Level 1.0 Fire Magic
 + Level 1.0 Ice Magic
 + Level 1.0 Air Magic
 + Level 1.0 Earth Magic
 + Level 1.0 Poison Magic
 + Level 1.4 Invocations
 + Level 1.2 Evocations


You had 8 spell levels left.
You knew the following spells:

 Your Spells              Type           Power        Failure   Level  Hunger
g - Blink                 Tloc           N/A          3%          2    ##.....

Your spell library contained the following spells:

 Spells                   Type           Power        Failure   Level  Hunger
 Gell's Gravitas          Tloc           ###.......   7%          3    ###....
 Lesser Beckoning         Tloc           ###.......   7%          3    ###....
 Teleport Other           Tloc           ###.....     7%          3    ###....
 Shroud of Golubria       Chrm/Tloc      ##........   9%          2    ##.....
 Swiftness                Chrm/Air       #.......     22%         2    ##.....
 Passage of Golubria      Tloc           N/A          22%         4    ####...


Dungeon Overview and Level Annotations

Branches:
Dungeon (3/15)

Altars:
Cheibriados
Nemelex Xobeh

Annotations:
D:3 Grinder


Innate Abilities, Weirdness & Mutations

Your experience applies equally to all skills.
You have very sharp teeth.
Your uncanny sense of smell can sniff out nearby items.


Message History

Unknown command.
You hit the goblin.
You kill the goblin!
Grinder gestures at you.
You shrug off the repeated paralysis!
Grinder gestures at you.
You shrug off the repeated paralysis!
Things that are here:
a +0 dagger; a goblin corpse Grinder hits you!
You writhe in agony.
You hit Grinder.
Grinder is moderately wounded.
Grinder hits you!
* * * LOW HITPOINT WARNING * * *
You writhe in agony.
* * * LOW HITPOINT WARNING * * *
It was a potion of curing.
You feel better. Grinder gestures at you. Pain shoots through your body!
You die...

### ..# ###########
#.# #.......... #5#
#.########. # #@# #.#
#. #.#)# #.# #. ##.#.#
#.# #. #....# #.# ##
###....## #.#### #
#.......### #.##.##
...........###)#.#.##
##..............###.##
###...##.#....## ##.#
#


You could see Grinder.

Vanquished Creatures
  An orc priest (D:3)
  2 adders (D:2)
  2 oozes (D:3)
  A worm (D:2)
  A dart slug (D:1)
  A leopard gecko (D:2)
  3 orcs (D:3)
  6 giant cockroaches
  7 goblins
  6 hobgoblins
  3 jackals (D:2)
  2 ball pythons (D:1)
  4 bats (D:1)
  5 frilled lizards
  5 kobolds
  A rat (D:3)
50 creatures vanquished.

Notes
Turn   | Place    | Note
-------+----------+-------------------------------------------
     0 | D:1      | wilfster70 the Gnoll Wanderer began the quest for the Orb.
     0 | D:1      | wilfster70 set off with the following items: a +0 dagger, a
                  | scroll of teleportation, a +0 robe, a ration; and the
                  | following spells available to memorise: Blink, Gell's
                  | Gravitas, Lesser Beckoning, Teleport Other, Shroud of
                  | Golubria, Passage of Golubria, Swiftness
     0 | D:1      | Reached XP level 1. HP: 20/20 MP: 4/4
   104 | D:1      | Reached XP level 2. HP: 12/26 MP: 5/5
   108 | D:1      | Learned a level 2 spell: Blink
  1213 | D:2      | Reached XP level 3. HP: 31/31 MP: 7/7
  2074 | D:2      | Reached skill level 1 in Invocations
  2632 | D:2      | Reached skill level 1 in Short Blades
  2632 | D:2      | Reached skill level 1 in Long Blades
  2632 | D:2      | Reached skill level 1 in Axes
  2632 | D:2      | Reached skill level 1 in Maces & Flails
  2632 | D:2      | Reached skill level 1 in Polearms
  2632 | D:2      | Reached skill level 1 in Slings
  2632 | D:2      | Reached skill level 1 in Bows
  2632 | D:2      | Reached skill level 1 in Crossbows
  2632 | D:2      | Reached skill level 1 in Armour
  2632 | D:2      | Reached skill level 1 in Dodging
  2632 | D:2      | Reached skill level 1 in Shields
  2632 | D:2      | Reached skill level 1 in Unarmed Combat
  2632 | D:2      | Reached skill level 1 in Evocations
  2632 | D:2      | Reached XP level 4. HP: 32/38 MP: 8/8
  2845 | D:2      | Found a snail-covered altar of Cheibriados.
  3069 | D:3      | Noticed an orc warrior
  3338 | D:3      | Found a sparkling altar of Nemelex Xobeh.
  3385 | D:3      | Reached skill level 1 in Conjurations
  3385 | D:3      | Reached skill level 1 in Hexes
  3385 | D:3      | Reached skill level 1 in Charms
  3385 | D:3      | Reached skill level 1 in Summonings
  3385 | D:3      | Reached skill level 1 in Necromancy
  3385 | D:3      | Reached skill level 1 in Fire Magic
  3385 | D:3      | Reached skill level 1 in Ice Magic
  3385 | D:3      | Reached skill level 1 in Air Magic
  3385 | D:3      | Reached skill level 1 in Earth Magic
  3385 | D:3      | Reached skill level 1 in Poison Magic
  3791 | D:3      | Reached XP level 5. HP: 37/43 MP: 9/9
  3811 | D:3      | Noticed Grinder
  3823 | D:3      | Paralysed by Grinder for 5 turns
  3832 | D:3      | Killed from afar by Grinder

Skill      XL: |  1  2  3  4 |
---------------+-------------+-----
Transmutations | 2 |  2.3
Invocations    | 1 |  1.4
Short Blades   | 1 |  1.2
Long Blades    | 1 |  1.2
Axes           | 1 |  1.2
Maces & Flails | 1 |  1.2
Polearms       | 1 |  1.2
Slings         | 1 |  1.2
Bows           | 1 |  1.2
Crossbows      | 1 |  1.2
Armour         | 1 |  1.2
Dodging        | 1 |  1.2
Shields        | 1 |  1.2
Unarmed Combat | 1 |  1.2
Evocations     | 1 |  1.2
Spellcasting   | 3 |  3.0
Conjurations   | 1 |  1.0
Hexes          | 1 |  1.0
Charms         | 1 |  1.0
Summonings     | 1 |  1.0
Necromancy     | 1 |  1.0
Fire Magic     | 1 |  1.0
Ice Magic      | 1 |  1.0
Air Magic      | 1 |  1.0
Earth Magic    | 1 |  1.0
Poison Magic   | 1 |  1.0
Fighting       | |  4.7
Staves         | |  2.8
Throwing       | |  2.8
Stealth        | |  2.6
Translocations | |  5.5

Action                   |  1- 3 |  4- 6 || total
-------------------------+-------+-------++-------
Melee: Dagger            |   177 |       ||   177
       Bite              |    19 |    10 ||    29
       Whip              |    22 |    77 ||    99
Throw: Stone             |     2 |       ||     2
 Cast: Blink             |     1 |     3 ||     4
  Use: Scroll            |       |     1 ||     1
       Potion            |       |     1 ||     1
 Stab: Sleeping          |    10 |     2 ||    12
  Eat: Chunk             |     6 |     4 ||    10
Armor: Robe              |    15 |       ||    15
       Leather armour    |    46 |    18 ||    64
Dodge: Dodged            |   118 |    25 ||   143
